 Dungeon Crawl Stone Soup version 0.21-a0-525-ga34b322 (webtiles) character file.

98982 Goblin1989 the Martial Artist (level 16, -3/111 HPs)
             Began as a Gnoll Transmuter on Dec 2, 2017.
             Was the Champion of Cheibriados.
             Shot with a bolt by a naga sharpshooter (13 damage)
             ... on level 3 of the Lair of Beasts on Dec 8, 2017.
             The game lasted 03:18:50 (30246 turns).

Goblin1989 the Martial Artist (Gnoll Transmuter)   Turns: 30246, Time: 03:18:51

Health: -3/111     AC: 13    Str: 29    XL:     16   Next: 23%
Magic:  15/40      EV: 26    Int: 40    God:    Cheibriados [******]
Gold:   498        SH:  0    Dex: 35    Spells: 5/38 levels left

rFire    + . .     SeeInvis .     - Unarmed
rCold    + . .     Gourm    .   (shield currently unavailable)
rNeg     . . .     Faith    .   A - +1 leather armour "Zechoqif" {*Slow rElec MR+}
rPois    +         Spirit   .   q - +2 hat {MR+}
rElec    +         Reflect  .   g - +2 cloak {rPois}
rCorr    .         Harm     .   (gloves currently unavailable)
MR       +++..     Rnd*Tele +   H - +1 pair of boots
Stlth    ++++++....             V - amulet of magic regeneration
HPRegen  1.28/turn              c - ring of protection from cold
MPRegen  0.52/turn              W - ring "Wauwn" {rF+ MP+9 Int+4}

@: lethally poisoned (-3 -> -3), blade hands, regenerating, studying Unarmed
Combat, very slow
A: distributed training, fangs 1, horns 1, agile 2, frail 1, mutation resistance
1, poison resistance, teleportitis 1, wild magic 1, strong nose
a: End Transformation, Bend Time, Temporal Distortion, Slouch, Step From Time,
Renounce Religion


You were on level 3 of the Lair of Beasts.
You worshipped Cheibriados.
Cheibriados was exalted by your worship.
You were near starving.
You had blades for hands.
You visited 4 branches of the dungeon, and saw 24 of its levels.
You also visited: Labyrinth and Volcano.

You collected 2426 gold pieces.
You spent 1928 gold pieces at shops.

Inventory:

Hand Weapons
 a - the +6 hunting sling of Evisceration (melded) {venom, rN+ Str+4}
   (You found it on level 14 of the Dungeon)

   It poisons the ammo it fires.
   It affects your strength (+4).
   It protects you from negative energy.
 b - the +5 demon whip "Spellbinder" {antimagic, MR+}
   (You found it on level 14 of the Dungeon)

   It reduces the magical energy of the wielder, and disrupts the spells and
   magical abilities of those hit.
   Natural abilities and divine invocations are not affected.
   It affects your resistance to hostile enchantments.
Missiles
 f - 355 bolts
 j - 571 stones (quivered)
 n - 722 arrows
 p - 288 sling bullets
 Z - 2 throwing nets {!d}
Armour
 g - a +2 cloak of poison resistance (worn)
 q - a +2 hat of magic resistance (worn)
 t - a +0 shield of protection (melded)
 A - the +1 leather armour "Zechoqif" (worn) {*Slow rElec MR+}
   (You found it on level 6 of the Dungeon)

   It insulates you from electricity.
   It affects your resistance to hostile enchantments.
   It may slow you when you take damage.
 E - the +2 cloak "Eblythr Imyge" {rF+}
   (You found it on level 14 of the Dungeon)

   It protects you from fire.
 H - a +1 pair of boots (worn)
 U - the +0 pair of gloves of the Big Bang (melded) {rElec}
   (You bought it in a shop on level 4 of the Dungeon)

   It insulates you from electricity.
Jewellery
 c - a ring of protection from cold (left scythe-like blade)
 l - an uncursed ring of flight
 m - an uncursed ring of protection from magic
 s - an uncursed ring of see invisible
 V - an amulet of magic regeneration (around neck)
 W - the ring "Wauwn" (right scythe-like blade) {rF+ MP+9 Int+4}
   (You took it off a minotaur in a labyrinth)

   [ring of magical power]

   It affects your intelligence (+4).
   It protects you from fire.
   It affects your magic capacity (+9).
Wands
 r - a wand of scattershot (6)
 v - a wand of digging (64)
 C - a wand of disintegration (12)
 G - a wand of flame (42)
 I - a wand of iceblast (21)
 K - a wand of clouds (4)
Scrolls
 w - 3 scrolls of holy word
 x - 3 scrolls of immolation
 D - 2 scrolls of summoning
 F - 2 scrolls of fear
 L - 4 scrolls of fog
 M - 2 scrolls of magic mapping
 P - 4 scrolls of remove curse {@r2}
 R - 3 scrolls of identify {@r1}
 T - 3 scrolls of teleportation {!r, @r3}
 Y - 5 scrolls of enchant armour
Potions
 h - a potion of ambrosia
 i - 4 potions of lignification
 o - 6 potions of agility
 y - 3 potions of resistance
 z - 10 potions of curing {@q1}
 B - 5 potions of heal wounds {@q2, !q}
 Q - a potion of might
 S - 2 potions of magic
Books
 O - a manual of Unarmed Combat
Miscellaneous
 J - a fan of gales (inert)
Comestibles
 e - 13 bread rations {@e1}
 k - 8 royal jellies
 u - 36 fruits
 X - 10 meat rations {@e2}


   Skills:
 + Level 10.8 Fighting
 + Level 10.5 Short Blades
 + Level 10.5 Long Blades
 + Level 10.5 Axes
 + Level 10.5 Maces & Flails
 + Level 10.5 Polearms
 + Level 10.5 Staves
 + Level 10.5 Slings
 + Level 10.5 Bows
 + Level 10.5 Crossbows
 + Level 10.5 Throwing
 + Level 10.5 Armour
 + Level 11.3 Dodging
 + Level 10.5 Stealth
 + Level 10.5 Shields
 + Level 12.9 Unarmed Combat
 + Level 11.5 Spellcasting
 + Level 8.9 Conjurations
 + Level 8.9 Hexes
 + Level 8.9 Charms
 + Level 8.9 Summonings
 + Level 8.9 Necromancy
 + Level 8.9 Translocations
 + Level 9.7 Transmutations
 + Level 8.9 Fire Magic
 + Level 8.9 Ice Magic
 + Level 8.9 Air Magic
 + Level 8.9 Earth Magic
 + Level 8.9 Poison Magic
 + Level 11.3 Invocations
 + Level 10.5 Evocations


You had 5 spell levels left.
You knew the following spells:

 Your Spells              Type           Power        Failure   Level  Hunger
a - Portal Projectile     Hex/Tloc       ######       12%         3    None
b - Sticks to Snakes      Tmut           #######.     9%          2    None
c - Passwall              Tmut/Erth      #######...   10%         2    None
e - Blade Hands           Tmut           #######...   21%         5    None
f - Confusing Touch       Hex            ######       9%          1    None
g - Fulminant Prism       Conj/Hex       #######...   16%         4    None
h - Passage of Golubria   Tloc           N/A          16%         4    None
j - Conjure Flame         Conj/Fire      #######.     12%         3    None
l - Lee's Rapid Deconstr  Erth           #######...   22%         5    None
o - Apportation           Tloc           ######       9%          1    None
R - Regeneration          Chrm/Necr      #######...   12%         3    None


Dungeon Overview and Level Annotations

Branches:
Dungeon (15/15)            Temple (0/1) D:4            Lair (6/6) D:10
  Swamp (0/4) Lair:4        Snake (1/4) Lair:3          Orc (2/2) D:10
    Elf (0/3) Orc:2        Vaults (0/5) D:14         Depths (0/5) D:15
  Slime: Lair:5-6

Altars:
Cheibriados
Dithmenos
Elyvilon
Fedhas
Gozag
Kikubaaqudgha
Makhleb
Okawaru
Trog
Uskayaw
Vehumet
Xom
Zin
Beogh

Shops:
D:4 [   D:8 (   Orc:1 (   Orc:2 !(!:

Annotations:
D:4 1 runed door, Eustachio
D:7 exclusion: moth of wrath
Lair:2 exclusion: oklob plant
Lair:5 exclusion: 3 oklob plants


Innate Abilities, Weirdness & Mutations

Your experience applies equally to all skills.
You have very sharp teeth.
Your uncanny sense of smell can sniff out nearby items.
You have a pair of small horns on your head.
You are very agile. (Dex +4)
You are frail. (-10% HP)
You are somewhat resistant to further mutation.
Your system is resistant to poisons. (rPois)
You are occasionally teleported next to monsters.
Your spells are a little harder to cast, but a little more powerful.


Message History

Really quaff
B - 8 potions of heal wounds {@q2, !q}?
You feel much better.
The salamander wields an uncursed shortbow of flaming.
It bursts into flame!
The salamander shoots an arrow.
The arrow completely misses you.
You regained 29 hp, and now have 45/111 hp.
Unknown command.
You fail to use your ability.
The naga sharpshooter mumbles some strange words.
The naga sharpshooter magically shoots a bolt.
The bolt barely misses you. The naga warrior misses you.
The naga warrior barely misses you.
Unknown command.
Unknown command.
You can feel time thicken for a moment.
You feel somewhat more hungry.
The salamander unwields an uncursed shortbow of flaming.
It stops flaming.
The salamander hits you but does no damage.
The naga warrior hits you with a vampiric short sword!!
* * * LOW HITPOINT WARNING * * *
The naga warrior draws strength from your wounds!
The naga warrior grabs you. The naga warrior constricts you.
You take 16 damage, and have 30/111 hp.
You now have 12/40 mp.
Unknown command.
You hit the salamander but do no damage.
You headbutt the salamander, but do no damage.
You slash the salamander, but do no damage.
The salamander is severely wounded.
Your scythe-like blades stop glowing.
You feel sick.
The naga warrior hits you with a vampiric short sword.
* * * LOW HITPOINT WARNING * * *
The naga warrior draws strength from your wounds!
* * * LOW HITPOINT WARNING * * *
The naga warrior constricts you. The salamander hits you.
* * * LOW HITPOINT WARNING * * *
You are engulfed in flames.
You resist.
* * * LOW HITPOINT WARNING * * *
The naga sharpshooter casts a spell.
The naga sharpshooter magically shoots a bolt.
The bolt hits you!
* * * LOW HITPOINT WARNING * * *
You take 23 damage, and have 7/111 hp.
MASSIVE DAMAGE!!
Really quaff
B - 7 potions of heal wounds {@q2, !q}?
You feel much better. The naga warrior spits poison at you.
The splash of poison hits you! You resist.
* * * LOW HITPOINT WARNING * * *
x2 The naga warrior constricts you.
The salamander barely misses you.
You regained 23 hp, and now have 30/111 hp.
Unknown command.
Evoke which item? (* to show all) (? for menu, Esc to quit)
You have no means to grasp a wand firmly enough.
Unknown command.
Unknown command.
As you read the scroll of fear, it crumbles to dust.
You assume a fearsome visage.
The naga warrior resists with almost no effort.
The naga sharpshooter resists with some effort.
The salamander looks frightened!
The naga warrior misses you.
* * * LOW HITPOINT WARNING * * *
The naga warrior constricts you.
You take 3 damage, and have 27/111 hp.
Unknown command.
Okay, then.
As you read the scroll of summoning, it crumbles to dust.
Wisps of shadow whirl around you...
The naga warrior hits you with a vampiric short sword!
* * * LOW HITPOINT WARNING * * *
The naga warrior draws strength from your wounds!
* * * LOW HITPOINT WARNING * * *
The naga warrior constricts you.
You take 17 damage, and have 10/111 hp.
Really quaff
B - 6 potions of heal wounds {@q2, !q}?
You feel much better.
You feel sick.
Your bullfrog barely misses the naga warrior.
Your bullfrog hits the naga sharpshooter.
The naga warrior hits you with a vampiric short sword!!
* * * LOW HITPOINT WARNING * * *
The naga warrior draws strength from your wounds!
* * * LOW HITPOINT WARNING * * *
The naga warrior constricts you.
You take 2 damage, and have 8/111 hp.
Unknown command.
You escape the naga warrior's grasp.
You swap places.
Your bullfrog closely misses the naga sharpshooter.
Your bullfrog hits the naga warrior but does no damage.
Your bullfrog closely misses the naga sharpshooter.
Your bullfrog hits the naga warrior.
The naga sharpshooter spits poison at you.
The splash of poison hits your crocodile.
Your crocodile bites the naga sharpshooter!
The naga warrior hits your crocodile with a vampiric short sword!!
Your crocodile dies!
Your crocodile's corpse dissolves into shadows!
Your bullfrog hits the naga warrior.
Your bullfrog hits the naga sharpshooter.
The naga sharpshooter shoots a bolt.
The bolt hits you!
You die...

.....█████..██ ██..██ █.█ █.
.█.....███...███...██ █.██ █.
███....██.PN..███...█ █..█ █.
█..████.█...█ ██..█ █.██ ██.
███..██ ████..███P..█ █.█ █..
██....█ █P......██ ██.█ █..
.....██ ███......█ ███..██████.
██...██████...F....███.█..█.██.P.
██..██...█...N>@.......P........
██...........N.(.█..............
█........█..F.████..█...........
█...███████(..████.█..██..██..██
██..█ ██...██..████.███.███ █.███
███..P.█P..█ ███ ███ ███.█.█
█....████..████ █...█.█ ██P..█
██/..P█████████ ....∆██
███...██████....██.██PP█


You could see a naga warrior, a naga sharpshooter, a salamander (fleeing) and 2
friendly bullfrogs.

Vanquished Creatures
  Gastronok (D:8)
  An orc warlord (D:14)
  2 entropy weavers (Lair:6)
  Nessos (D:12)
  A minotaur (Lab)
  A fire dragon (D:15)
  A yaktaur captain (D:15)
  Erolcha (Orc:2)
  4 hydras
  A catoblepas (Lair:4)
  Erica (D:9)
  5 centaur warriors
  An anaconda (Lair:5)
  A death knight (D:15)
  8 two-headed ogres
  3 ogre magi (Orc:2)
  2 dancing weapons (D:14)
  5 death yaks (Lair:4)
  A queen ant (Lair:6)
  The ghost of mortelune the Geomancer, a novice GrEE of Sif Muna (D:9)
  An orc high priest (Orc:1)
  A deep elf knight (D:15)
  A fire crab (Volcano)
  3 unseen horrors
  A skeletal warrior (D:15)
  A deep elf archer (D:15)
  An obsidian statue (Volcano)
  An orc knight (D:15)
  Pikel (D:5)
  A lindwurm (Volcano)
  6 deep elf magi
  20 ugly things
  8 orc sorcerers (Orc:2)
  8 wizards (D:13)
  A mana viper (Snake:1)
  2 cyclopes
  A manticore (D:13)
  4 elephants (Lair:4)
  A guardian serpent (Snake:1)
  Maurice (D:8)
  2 centaur zombies
  11 black mambas
  6 spiny frogs
  A gargoyle (D:10)
  A torpor snail (Lair:4)
  Joseph (D:7)
  4 centaur skeletons
  An efreet (D:14)
  2 rime drakes (Lair:4)
  A freezing wraith (D:15)
  A yaktaur (D:15)
  A harpy zombie (D:15)
  5 komodo dragons
  2 polar bears
  10 trolls
  Grinder (D:4)
  A hornet (D:10)
  A meliai zombie (D:12)
  7 blink frogs
  8 hippogriffs
  Sigmund (D:5)
  A spriggan (D:9)
  A shadow (D:15)
  2 wraiths (D:15)
  31 yaks
  A vampire (D:12)
  5 wyverns
  7 fire bats (Volcano)
  A golden eye (shapeshifter) (D:14)
  3 hungry ghosts
  11 vampire mosquitoes
  A steam dragon (Volcano)
  4 soldier ants (Lair:6)
  2 nagas (Snake:1)
  An acid dragon (D:15)
  A warg (D:10)
  2 porcupines (Lair:4)
  5 ice beasts
  17 water moccasins
  A slave (D:5)
  3 sky beasts
  28 orc warriors
  20 ogres
  2 phantoms
  7 centaurs
  31 wolves
  8 crocodiles
  2 big kobolds
  A gnoll sergeant (D:7)
  20 bullfrogs
  3 scorpions
  11 killer bees
  A howler monkey (D:10)
  16 wights
  4 lava snakes (Volcano)
  10 crimson imps
  2 quasits
  5 hounds
  6 jellies
  2 orc priests
  32 orc wizards
  Jessica (D:2)
  5 iguanas
  Natasha (twice) (D:4)
  18 worker ants
  A mummy (D:7)
  A hound zombie (D:9)
  2 hound skeletons
  11 gnolls
  2 howler monkey skeletons
  16 adders
  4 shadow imps
  2 adder skeletons (D:4)
  4 worms
  2 dart slugs (D:1)
  6 leopard geckos
  60 orcs
  2 ball pythons
  7 giant cockroaches
  11 goblins
  7 hobgoblins
  3 jackals (D:4)
  3 quokkas
  7 bats
  7 frilled lizards
  15 kobolds
  8 rats
  3 fulminant prisms
  A plant (Lair:4)
696 creatures vanquished.

Vanquished Creatures (collateral kills)
  A hydra (D:12)
  A two-headed ogre (D:8)
  2 killer bees (D:10)
  An orc priest (D:10)
  5 orcs (D:10)
10 creatures vanquished.

Vanquished Creatures (others)
  A slave (D:5)
  A hound (D:5)
  A centaur zombie (D:5)
  An orc priest (D:5)
  An orc wizard (D:5)
  A worker ant zombie (D:5)
  An orc (D:5)
  A quokka skeleton (D:5)
  2 bushes (Lair:4)
  41 fulminant prisms
  15 fungi
  8 plants
74 creatures vanquished.

Grand Total: 780 creatures vanquished

Notes
Turn   | Place    | Note
-------+----------+-------------------------------------------
     0 | D:1      | Goblin1989 the Gnoll Transmuter began the quest for the Orb.
     0 | D:1      | Reached XP level 1. HP: 17/17 MP: 6/6
   239 | D:1      | Reached XP level 2. HP: 23/23 MP: 7/7
   860 | D:1      | Reached XP level 3. HP: 28/28 MP: 9/9
   922 | D:1      | Reached skill level 5 in Spellcasting
  1238 | D:2      | Learned a level 2 spell: Sticks to Snakes
  1242 | D:2      | Learned a level 3 spell: Spider Form
  1261 | D:2      | Reached skill level 1 in Invocations
  1404 | D:2      | Reached skill level 1 in Short Blades
  1404 | D:2      | Reached skill level 1 in Long Blades
  1404 | D:2      | Reached skill level 1 in Axes
  1404 | D:2      | Reached skill level 1 in Maces & Flails
  1404 | D:2      | Reached skill level 1 in Polearms
  1404 | D:2      | Reached skill level 1 in Staves
  1404 | D:2      | Reached skill level 1 in Slings
  1404 | D:2      | Reached skill level 1 in Bows
  1404 | D:2      | Reached skill level 1 in Crossbows
  1404 | D:2      | Reached skill level 1 in Throwing
  1404 | D:2      | Reached skill level 1 in Armour
  1404 | D:2      | Reached skill level 1 in Stealth
  1404 | D:2      | Reached skill level 1 in Shields
  1404 | D:2      | Reached skill level 1 in Evocations
  1635 | D:2      | Reached XP level 4. HP: 34/34 MP: 11/11
  1698 | D:2      | Found a shimmering altar of Xom.
  1700 | D:2      | Found a shimmering altar of Xom.
  1702 | D:2      | Found a shimmering altar of Xom.
  1738 | D:2      | Found a shimmering altar of Xom.
  1851 | D:2      | Noticed Jessica
  1858 | D:2      | Killed Jessica
  1858 | D:2      | Reached skill level 1 in Conjurations
  1858 | D:2      | Reached skill level 1 in Hexes
  1858 | D:2      | Reached skill level 1 in Charms
  1858 | D:2      | Reached skill level 1 in Summonings
  1858 | D:2      | Reached skill level 1 in Necromancy
  1858 | D:2      | Reached skill level 1 in Translocations
  1858 | D:2      | Reached skill level 1 in Fire Magic
  1858 | D:2      | Reached skill level 1 in Ice Magic
  1858 | D:2      | Reached skill level 1 in Air Magic
  1858 | D:2      | Reached skill level 1 in Earth Magic
  1858 | D:2      | Reached skill level 1 in Poison Magic
  2016 | D:2      | Reached XP level 5. HP: 40/40 MP: 12/12
  2719 | D:2      | Found a shimmering altar of Xom.
  2721 | D:2      | Found a shimmering altar of Xom.
  2901 | D:3      | Learned a level 4 spell: Ice Form
  4016 | D:4      | Found an ancient bone altar of Kikubaaqudgha.
  4018 | D:4      | Found a burning altar of Makhleb.
  4019 | D:4      | Found a bloodstained altar of Trog.
  4021 | D:4      | Found an opulent altar of Gozag.
  4051 | D:4      | Noticed Natasha
  4067 | D:4      | Killed Natasha
  4067 | D:4      | Reached XP level 6. HP: 47/47 MP: 9/13
  4094 | D:4      | Found Pomuloing's Armour Shoppe.
  4107 | D:4      | Bought the cursed +0 pair of gloves of the Big Bang {rElec} for 201 gold pieces
  4170 | D:4      | Noticed Eustachio
  4354 | D:4      | Noticed Grinder
  4376 | D:5      | Entered Level 5 of the Dungeon
  4397 | D:5      | Noticed Pikel
  4397 | D:5      | Noticed a slave
  4397 | D:5      | Noticed a slave
  4398 | D:5      | Noticed a slave
  4412 | D:5      | Killed a slave
  4431 | D:5      | Killed Pikel
  4431 | D:5      | Reached skill level 5 in Dodging
  4431 | D:5      | Reached skill level 7 in Unarmed Combat
  4431 | D:5      | Reached XP level 7. HP: 34/53 MP: 7/15
  4731 | D:5      | Found a white marble altar of Elyvilon.
  4917 | D:5      | Reached XP level 8. HP: 60/60 MP: 13/16
  5249 | D:5      | Noticed Sigmund
  5263 | D:5      | Killed Sigmund
  5960 | D:6      | Got a smelly leather armour
  5971 | D:6      | Identified the cursed +1 leather armour "Zechoqif" {*Slow rElec MR+} (You found it on level 6 of the Dungeon)
  6877 | D:6      | Found a hide-covered altar of Uskayaw.
  7132 | D:7      | Reached XP level 9. HP: 63/66 MP: 18/18
  7193 | D:7      | Reached skill level 5 in Transmutations
  7306 | D:7      | Found a snail-covered altar of Cheibriados.
  7318 | D:7      | Became a worshipper of Cheibriados the Contemplative
  7573 | D:7      | Learned a level 3 spell: Mephitic Cloud
  7975 | D:7      | Reached * piety under Cheibriados
  7989 | D:7      | Noticed a moth of wrath
  8252 | D:7      | Noticed Joseph
  8270 | D:7      | Killed Joseph
  8270 | D:7      | Reached skill level 5 in Fighting
  8367 | D:8      | Noticed a two-headed ogre
  8390 | D:8      | Killed a two-headed ogre
  8390 | D:8      | Reached skill level 8 in Unarmed Combat
  8390 | D:8      | Reached skill level 5 in Invocations
  8825 | D:8      | Found Jomalag's Antique Weapon Shop.
  8825 | D:8      | Noticed Gastronok
  8858 | D:8      | Killed Gastronok
  8858 | D:8      | Reached skill level 5 in Short Blades
  8858 | D:8      | Reached skill level 5 in Long Blades
  8858 | D:8      | Reached skill level 5 in Axes
  8858 | D:8      | Reached skill level 5 in Maces & Flails
  8858 | D:8      | Reached skill level 5 in Polearms
  8858 | D:8      | Reached skill level 5 in Staves
  8858 | D:8      | Reached skill level 5 in Slings
  8858 | D:8      | Reached skill level 5 in Bows
  8858 | D:8      | Reached skill level 5 in Crossbows
  8858 | D:8      | Reached skill level 5 in Throwing
  8858 | D:8      | Reached skill level 5 in Armour
  8858 | D:8      | Reached skill level 5 in Stealth
  8858 | D:8      | Reached skill level 5 in Shields
  8858 | D:8      | Reached skill level 5 in Evocations
  8858 | D:8      | Reached XP level 10. HP: 50/76 MP: 8/20
  9310 | D:8      | Noticed Maurice
  9408 | D:9      | Reached ** piety under Cheibriados
  9486 | D:9      | Learned a level 5 spell: Blade Hands
  9653 | D:9      | Noticed Erica
  9667 | D:9      | Killed Erica
  9693 | D:9      | Learned a level 3 spell: Conjure Flame
  9695 | D:9      | Learned a level 1 spell: Confusing Touch
  9794 | D:9      | Found an iron altar of Okawaru.
  9796 | D:9      | Noticed a two-headed ogre
  9816 | D:9      | Killed a two-headed ogre
  9816 | D:9      | Reached XP level 11. HP: 80/83 MP: 13/22
  9839 | D:9      | Gained mutation: Your muscles are strong. (Str +2) [mutagenic meat]
  9840 | D:9      | Gained mutation: Your magical capacity is low. (-10% MP) [mutagenic meat]
  9841 | D:9      | Gained mutation: You are partially covered in yellow scales. (AC +2) [mutagenic meat]
  9885 | D:9      | Noticed mortelune's ghost (novice GrEE)
 10007 | D:8      | Noticed a two-headed ogre
 10024 | D:8      | Killed a two-headed ogre
 10024 | D:8      | Reached skill level 9 in Unarmed Combat
 10055 | D:8      | Killed Maurice
 10055 | D:8      | Reached skill level 5 in Conjurations
 10055 | D:8      | Reached skill level 5 in Hexes
 10055 | D:8      | Reached skill level 5 in Charms
 10055 | D:8      | Reached skill level 5 in Summonings
 10055 | D:8      | Reached skill level 5 in Necromancy
 10055 | D:8      | Reached skill level 5 in Translocations
 10055 | D:8      | Reached skill level 5 in Fire Magic
 10055 | D:8      | Reached skill level 5 in Ice Magic
 10055 | D:8      | Reached skill level 5 in Air Magic
 10055 | D:8      | Reached skill level 5 in Earth Magic
 10055 | D:8      | Reached skill level 5 in Poison Magic
 10676 | D:9      | Found a white marble altar of Elyvilon.
 10706 | D:9      | Killed mortelune's ghost
 10863 | D:9      | Learned a level 4 spell: Fulminant Prism
 10917 | D:9      | Found a radiant altar of Vehumet.
 11195 | D:4      | Found a glowing silver altar of Zin.
 11325 | D:4      | Reached *** piety under Cheibriados
 11434 | D:4      | Found a staircase to the Ecumenical Temple.
 11632 | D:4      | Paralysed by Grinder for 5 turns
 11642 | D:4      | Paralysed by Grinder for 3 turns
 11652 | D:4      | Killed Grinder
 11701 | D:4      | Found a runed door.
 11908 | D:4      | Noticed Natasha
 11913 | D:4      | Killed Natasha
 12119 | D:10     | Entered Level 10 of the Dungeon
 12166 | D:10     | Reached **** piety under Cheibriados
 12240 | D:10     | Noticed a two-headed ogre
 12300 | D:10     | Noticed a two-headed ogre
 12313 | D:10     | Found a staircase to the Orcish Mines.
 12331 | D:10     | Killed a two-headed ogre
 12331 | D:10     | Reached XP level 12. HP: 22/91 MP: 11/22
 12356 | D:10     | Killed a two-headed ogre
 12629 | D:10     | Noticed a four-headed hydra
 12638 | D:10     | Killed a four-headed hydra
 13035 | D:10     | Noticed a two-headed ogre
 13050 | D:10     | Killed a two-headed ogre
 13218 | D:10     | Got a fine ring mail
 13231 | D:10     | Identified the cursed +1 ring mail "Huonuo" {rPois Dex+3} (You found it on level 10 of the Dungeon)
 13269 | D:10     | Found a shadowy altar of Dithmenos.
 13286 | D:10     | Found a staircase to the Lair.
 13720 | Lair:1   | Entered Level 1 of the Lair of Beasts
 13759 | Lair:1   | Found a labyrinth entrance.
 13781 | Lab      | Entered a labyrinth
 14370 | Lab      | Noticed a minotaur
 14387 | Lab      | Killed a minotaur
 14406 | Lab      | Got a coiled copper ring
 14445 | Lair:1   | Identified the ring "Wauwn" {rF+ MP+9 Int+4} (You took it off a minotaur in a labyrinth)
 14824 | Lair:1   | Noticed an eight-headed hydra
 14832 | Lair:1   | Killed an eight-headed hydra
 14971 | Lair:1   | Reached ***** piety under Cheibriados
 15314 | Lair:1   | Reached skill level 10 in Unarmed Combat
 15673 | Lair:1   | Noticed a six-headed hydra
 15685 | Lair:1   | Killed a six-headed hydra
 16389 | Lair:2   | Reached XP level 13. HP: 98/98 MP: 23/23
 17094 | Lair:3   | Found a staircase to the Snake Pit.
 17329 | Lair:3   | Learned a level 3 spell: Regeneration
 18505 | Lair:4   | Found a dark tunnel.
 18525 | Volcano  | Entered a volcano
 18526 | Volcano  | Upgraded the game from 0.21-a0-513-gdcb3f5e to 0.21-a0-516-gaaff437
 18547 | Volcano  | Upgraded the game from 0.21-a0-516-gaaff437 to 0.21-a0-518-g43a1781
 18673 | Volcano  | Found a radiant altar of Vehumet.
 18899 | Lair:4   | Found a staircase to the Swamp.
 18958 | Lair:4   | Reached ****** piety under Cheibriados
 19585 | Lair:4   | Reached skill level 10 in Spellcasting
 19715 | Lair:4   | Reached XP level 14. HP: 96/108 MP: 25/25
 20283 | Lair:5   | Reached skill level 10 in Dodging
 20831 | Lair:6   | Entered Level 6 of the Lair of Beasts
 21244 | Lair:6   | Noticed an entropy weaver
 21245 | Lair:6   | Noticed an entropy weaver
 21248 | Lair:6   | Killed an entropy weaver
 21248 | Lair:6   | Reached skill level 11 in Unarmed Combat
 21265 | Lair:6   | Killed an entropy weaver
 21409 | Orc:1    | Entered Level 1 of the Orcish Mines
 21410 | Orc:1    | Upgraded the game from 0.21-a0-518-g43a1781 to 0.21-a0-522-ga8338f0
 21641 | Orc:1    | Found Fumool's Antique Weapon Boutique.
 21831 | Orc:1    | Found a roughly hewn altar of Beogh.
 21947 | Orc:2    | Entered Level 2 of the Orcish Mines
 22108 | Orc:2    | Reached skill level 10 in Invocations
 22115 | Orc:2    | Found a staircase to the Elven Halls.
 22642 | Orc:2    | Found Xuinte Ginn's Book Shop.
 22739 | Orc:2    | Found an ancient bone altar of Kikubaaqudgha.
 22753 | Orc:2    | Found Aseacs's Antique Weapon Shop.
 22767 | Orc:2    | Noticed Erolcha
 22784 | Orc:2    | Killed Erolcha
 22785 | Orc:2    | Found Zurast's Distillery.
 22785 | Orc:2    | Found a roughly hewn altar of Beogh.
 22791 | Orc:2    | Paralysed by an orc sorcerer for 4 turns
 22802 | Orc:2    | Found Uculeoh's Distillery.
 23029 | Orc:2    | Found a radiant altar of Vehumet.
 23065 | Orc:2    | Bought a potion of resistance for 150 gold pieces
 23101 | Orc:2    | Bought a manual of Unarmed Combat for 1214 gold pieces
 23132 | Orc:2    | Bought a potion of berserk rage for 60 gold pieces
 23132 | Orc:2    | Bought a potion of magic for 96 gold pieces
 23132 | Orc:2    | Bought a potion of lignification for 36 gold pieces
 23132 | Orc:2    | Bought 2 potions of agility for 96 gold pieces
 23227 | Orc:2    | Goblin1989: G
 23350 | Lair:1   | Identified a scroll of acquirement
 23350 | Lair:1   | Identified Yxza's Catalogue of Lightness and Orientation (You acquired it on level 1 of the Lair of Beasts)
 23353 | Lair:1   | Learned a level 1 spell: Apportation
 23353 | Lair:1   | Got a twisted demon whip
 23354 | Lair:1   | Identified the +5 demon whip of Spores {pain, +Blink Int+6 Dex-5} (You found it on level 1 of the Lair of Beasts)
 23362 | Lair:1   | Learned a level 4 spell: Passage of Golubria
 23517 | D:11     | Gained mutation: You tend to lose your temper in combat. [mutagenic meat]
 23553 | D:11     | Identified the Grimoire of Mutagenic Ice
 23657 | D:11     | Gained mutation: You expend magic power (3 MP) to strengthen your wands. [mutagenic meat]
 23658 | D:11     | Gained mutation: You evolve. [mutagenic meat]
 23659 | D:11     | Gained mutation: You are agile. (Dex +2) [mutagenic meat]
 23660 | D:11     | Gained mutation: Your magical capacity is very low. (-20% MP) [mutagenic meat]
 23661 | D:11     | Gained mutation: You often lose your temper in combat. [mutagenic meat]
 23942 | Orc:2    | Bought a potion of heal wounds for 75 gold pieces
 24333 | D:11     | Gained mutation: You are robust. (+10% HP) [evolution]
 24407 | D:11     | Reached XP level 15. HP: 123/126 MP: 23/23
 24862 | D:12     | Upgraded the game from 0.21-a0-522-ga8338f0 to 0.21-a0-525-ga34b322
 25233 | D:12     | Noticed Nessos
 25259 | D:12     | Killed Nessos
 25281 | D:12     | Reached skill level 10 in Fighting
 25553 | D:12     | Lost mutation: You often lose your temper in combat. [mutagenic meat]
 25656 | D:12     | Gained mutation: You are occasionally teleported next to monsters. [mutagenic meat]
 26024 | D:12     | Found a burning altar of Makhleb.
 26239 | D:13     | Got a smoking lapis lazuli ring
 26241 | D:13     | Identified the cursed ring "Ufiva" {Str+3 Dex-2} (You found it on level 13 of the Dungeon)
 26427 | D:13     | Found the +3 warlock's mirror {reflect}
 26439 | D:13     | Lost mutation: Your magical capacity is very low. (-20% MP) [potion of mutation]
 26439 | D:13     | Lost mutation: Your muscles are strong. (Str +2) [potion of mutation]
 26439 | D:13     | Lost mutation: You are agile. (Dex +2) [potion of mutation]
 26439 | D:13     | Lost mutation: You evolve. [potion of mutation]
 26439 | D:13     | Gained mutation: You are weak. (Str -2) [potion of mutation]
 26439 | D:13     | Gained mutation: You are covered in fur. (AC +1) [potion of mutation]
 26440 | D:13     | Lost mutation: You are weak. (Str -2) [potion of mutation]
 26440 | D:13     | Lost mutation: Your magical capacity is low. (-10% MP) [potion of mutation]
 26440 | D:13     | Lost mutation: You are partially covered in yellow scales. (AC +2) [potion of mutation]
 26440 | D:13     | Gained mutation: You passively map a small area around you. [potion of mutation]
 26440 | D:13     | Gained mutation: Your mind is acute. (Int +2) [potion of mutation]
 26441 | D:13     | Lost mutation: You are covered in fur. (AC +1) [potion of mutation]
 26441 | D:13     | Lost mutation: Your mind is acute. (Int +2) [potion of mutation]
 26441 | D:13     | Gained mutation: Your body sometimes deteriorates upon taking damage. [potion of mutation]
 26441 | D:13     | Gained mutation: Your mind is acute. (Int +2) [potion of mutation]
 26442 | D:13     | Lost mutation: You are robust. (+10% HP) [potion of mutation]
 26442 | D:13     | Lost mutation: Your mind is acute. (Int +2) [potion of mutation]
 26442 | D:13     | Lost mutation: You tend to lose your temper in combat. [potion of mutation]
 26442 | D:13     | Lost mutation: Your body sometimes deteriorates upon taking damage. [potion of mutation]
 26442 | D:13     | Gained mutation: You are weak. (Str -2) [potion of mutation]
 26442 | D:13     | Gained mutation: You are surrounded by a mild repulsion field. (EV +2) [potion of mutation]
 26442 | D:13     | Gained mutation: Your flesh is heat resistant. (rF+) [potion of mutation]
 26442 | D:13     | Gained mutation: Your spells are a little harder to cast, but a little more powerful. [potion of mutation]
 26443 | D:13     | Lost mutation: You are weak. (Str -2) [potion of mutation]
 26443 | D:13     | Lost mutation: You passively map a small area around you. [potion of mutation]
 26443 | D:13     | Lost mutation: Your spells are a little harder to cast, but a little more powerful. [potion of mutation]
 26443 | D:13     | Lost mutation: You expend magic power (3 MP) to strengthen your wands. [potion of mutation]
 26443 | D:13     | Gained mutation: Your movements are slightly less encumbered by armour. (ER -2) [potion of mutation]
 26443 | D:13     | Gained mutation: Your magical capacity is low. (-10% MP) [potion of mutation]
 26443 | D:13     | Gained mutation: You are surrounded by a moderate repulsion field. (EV +3) [potion of mutation]
 26444 | D:13     | Lost mutation: Your flesh is heat resistant. (rF+) [potion of mutation]
 26444 | D:13     | Lost mutation: Your magical capacity is low. (-10% MP) [potion of mutation]
 26444 | D:13     | Lost mutation: Your movements are slightly less encumbered by armour. (ER -2) [potion of mutation]
 26444 | D:13     | Gained mutation: You tend to lose your temper in combat. [potion of mutation]
 26444 | D:13     | Gained mutation: You passively map a small area around you. [potion of mutation]
 26635 | D:13     | Lost mutation: You tend to lose your temper in combat. [potion of mutation]
 26635 | D:13     | Lost mutation: You are surrounded by a moderate repulsion field. (EV +3) [potion of mutation]
 26635 | D:13     | Lost mutation: You are surrounded by a mild repulsion field. (EV +2) [potion of mutation]
 26635 | D:13     | Gained mutation: Scrolls take you a little longer to read. [potion of mutation]
 26635 | D:13     | Lost mutation: Scrolls take you a little longer to read. [potion of mutation]
 26635 | D:13     | Gained mutation: You possess an exceptional clarity of mind. [potion of mutation]
 26635 | D:13     | Gained mutation: You have a pair of small horns on your head. [potion of mutation]
 26656 | D:13     | Reached skill level 12 in Unarmed Combat
 27062 | D:14     | Found a gate to the Vaults.
 27084 | D:14     | Reached skill level 10 in Short Blades
 27084 | D:14     | Reached skill level 10 in Long Blades
 27084 | D:14     | Reached skill level 10 in Axes
 27084 | D:14     | Reached skill level 10 in Maces & Flails
 27084 | D:14     | Reached skill level 10 in Polearms
 27084 | D:14     | Reached skill level 10 in Staves
 27084 | D:14     | Reached skill level 10 in Slings
 27084 | D:14     | Reached skill level 10 in Bows
 27084 | D:14     | Reached skill level 10 in Crossbows
 27084 | D:14     | Reached skill level 10 in Throwing
 27084 | D:14     | Reached skill level 10 in Armour
 27084 | D:14     | Reached skill level 10 in Stealth
 27084 | D:14     | Reached skill level 10 in Shields
 27084 | D:14     | Reached skill level 10 in Evocations
 27172 | D:14     | Gained mutation: Your spells are a little harder to cast, but a little more powerful. [mutagenic meat]
 27174 | D:14     | Gained mutation: You are agile. (Dex +2) [mutagenic meat]
 27176 | D:14     | Gained mutation: Scrolls take you a little longer to read. [mutagenic meat]
 27177 | D:14     | Gained mutation: Your system is resistant to poisons. (rPois) [mutagenic meat]
 27178 | D:14     | Gained mutation: You are somewhat resistant to further mutation. [mutagenic meat]
 27180 | D:14     | Lost mutation: You passively map a small area around you. [mutagenic meat]
 27209 | D:14     | Lost mutation: You possess an exceptional clarity of mind. [mutagenic meat]
 27214 | D:14     | Lost mutation: Scrolls take you a little longer to read. [mutagenic meat]
 27216 | D:14     | Gained mutation: You are frail. (-10% HP) [mutagenic meat]
 27217 | D:14     | Gained mutation: You are very agile. (Dex +4) [mutagenic meat]
 27373 | D:14     | Found an iron altar of Okawaru.
 27373 | D:14     | Noticed an orc warlord
 27811 | D:14     | Learned a level 3 spell: Portal Projectile
 27814 | D:14     | Learned a level 2 spell: Passwall
 28137 | D:14     | Killed an orc warlord
 28145 | D:14     | Got a crude cloak
 28163 | D:14     | Identified the +2 cloak "Eblythr Imyge" {rF+} (You found it on level 14 of the Dungeon)
 28165 | D:14     | Got a pair of brightly glowing gloves
 28197 | D:14     | Identified the +1 pair of gloves of Experimentation {rPois rF- Regen+ Str-5} (You found it on level 14 of the Dungeon)
 28261 | D:14     | Goblin1989: 206 sling bullets
 28261 | D:14     | Goblin1989: 406 arrows
 28381 | D:14     | Learned a level 5 spell: Lee's Rapid Deconstruction
 28413 | D:14     | Found the +5 demon whip "Spellbinder" {antimagic, MR+}
 28481 | D:14     | Got a transparent hunting sling
 28482 | D:14     | Identified the +6 hunting sling of Evisceration {venom, rN+ Str+4} (You found it on level 14 of the Dungeon)
 28617 | D:15     | Entered Level 15 of the Dungeon
 28840 | D:15     | Reached XP level 16. HP: 111/111 MP: 24/31
 29249 | D:15     | Found a staircase to the Depths.
 29736 | D:15     | Found a blossoming altar of Fedhas.
 30220 | Snake:1  | Entered Level 1 of the Snake Pit
 30246 | Lair:3   | Shot with a bolt by a naga sharpshooter

Vault maps used:
D:1:      matt_arrival_los_fun
D:2:      xom_redecorated, kennysheep_cross_room, uniq_jessica
D:3:      grunt_decor_cap
D:4:      kennysheep_goblin_castle, minitemple, zin_statuary, temple_statues,
          first_bread, serial_shops, shop, eino_tiny_chamber,
          hangedman_abyss_or_decor_passed, uniq_grinder,
          uniq_crazy_yiuf_cottage, uniq_eustachio, uniq_natasha
D:5:      basic_altar, serial_bayou_crossing, uniq_sigmund, uniq_pikel
D:6:      lemuel_doored_altar
D:7:      slow_altar_1, tgw_trog, uniq_joseph
D:8:      serial_shops, shop, uniq_gastronok, uniq_maurice
D:9:      elyvilon_altar_5, lemuel_crystal_altar, the_bakery, okawaru_trees_1,
          uniq_erica
D:10:     lair_entry_dummy, david_orc_3, basic_altar
D:12:     bloody_makhleb, uniq_nessos
D:13:     minmay_smoke_and_mirrors
D:14:     evilmike_iron_armoury, erik_vaults_1, billiards_dpeg
D:15:     grunt_enter_depths_snipers, fedhas_altar_2
Lair:1:   lab_entry_generic, grunt_forest_large_clearings, grunt_megastairs_5
Lair:3:   minmay_snake_entry_six_corridors, lemuel_fruit_fields,
          infiniplex_staircase_pool_2
Lair:4:   minmay_swamp_entry_swarm, enter_volcano_4
Lair:5:   beast_lair_carwin_large_1, minmay_slime_entry_oklob_enclosed,
          grunt_megastairs_1, minmay_lair_oklob_chamber
Lair:6:   due_jungle_book, wad_woods_antlair, grunt_megastairs_4,
          serial_bayou_shore_b, lemuel_fruit_tree
Snake:1:  serial_shops, shop, grunt_ministairs_12,
          nicolae_snake_salamander_stairs, uniq_asterion
Orc:1:    serial_shops, shop, mines2_david
Orc:2:    kennysheep_orc_mage_school
Lab:      labyrinth_mini_lab, lab_statue, labyrinth_glass_1, labyrinth_lava_lair
Volcano:  volcano_grotto

Skill      XL: |  1  2  3  4  5  6  7  8  9 10 11 12 13 14 15 |
---------------+----------------------------------------------+-----
Spellcasting   | 5 6 7 8 9 10 11 | 11.5
Invocations    | 1 2 3 4 5 6 7 8 9 10 11 | 11.3
Short Blades   | 1 2 3 5 6 7 8 9 10 | 10.5
Long Blades    | 1 2 3 5 6 7 8 9 10 | 10.5
Axes           | 1 2 3 5 6 7 8 9 10 | 10.5
Maces & Flails | 1 2 3 5 6 7 8 9 10 | 10.5
Polearms       | 1 2 3 5 6 7 8 9 10 | 10.5
Staves         | 1 2 3 5 6 7 8 9 10 | 10.5
Slings         | 1 2 3 5 6 7 8 9 10 | 10.5
Bows           | 1 2 3 5 6 7 8 9 10 | 10.5
Crossbows      | 1 2 3 5 6 7 8 9 10 | 10.5
Throwing       | 1 2 3 5 6 7 8 9 10 | 10.5
Armour         | 1 2 3 5 6 7 8 9 10 | 10.5
Stealth        | 1 2 3 5 6 7 8 9 10 | 10.5
Shields        | 1 2 3 5 6 7 8 9 10 | 10.5
Evocations     | 1 2 3 5 6 7 8 9 10 | 10.5
Conjurations   | 1 2 3 4 5 6 7 8 |  8.9
Hexes          | 1 2 3 4 5 6 7 8 |  8.9
Charms         | 1 2 3 4 5 6 7 8 |  8.9
Summonings     | 1 2 3 4 5 6 7 8 |  8.9
Necromancy     | 1 2 3 4 5 6 7 8 |  8.9
Translocations | 1 2 3 4 5 6 7 8 |  8.9
Fire Magic     | 1 2 3 4 5 6 7 8 |  8.9
Ice Magic      | 1 2 3 4 5 6 7 8 |  8.9
Air Magic      | 1 2 3 4 5 6 7 8 |  8.9
Earth Magic    | 1 2 3 4 5 6 7 8 |  8.9
Poison Magic   | 1 2 3 4 5 6 7 8 |  8.9
Fighting       | 3 4 5 6 7 8 9 10 | 10.8
Transmutations | 4 5 6 7 8 9 |  9.7
Dodging        | 5 7 8 9 10 11 | 11.3
Unarmed Combat | 7 8 9 10 11 12 | 12.9

Action                   |  1- 3 |  4- 6 |  7- 9 | 10-12 | 13-15 | 16-18 || total
-------------------------+-------+-------+-------+-------+-------+-------++-------
Melee: Unarmed           |    91 |   128 |   247 |   232 |   257 |     7 ||   962
       Bite              |     5 |    12 |    20 |     4 |    38 |    10 ||    89
       Punch             |     2 |     5 |    10 |     2 |     9 |     2 ||    30
       Headbutt          |       |     2 |       |       |    21 |    20 ||    43
       Demon whip        |       |       |       |       |    29 |    34 ||    63
       Hunting sling     |       |       |       |       |     3 |       ||     3
 Fire: Hunting sling     |       |     7 |    34 |   316 |   986 |   139 ||  1482
Throw: Stone             |       |       |       |    32 |       |       ||    32
 Cast: Beastly Appendage |     2 |     4 |       |       |       |       ||     6
       Sticks to Snakes  |       |     2 |     9 |    10 |     3 |       ||    24
       Spider Form       |       |     2 |    15 |     6 |     1 |       ||    24
       Ice Form          |       |       |     2 |    17 |     4 |       ||    23
       Mephitic Cloud    |       |       |     1 |    38 |    92 |     2 ||   133
       Fulminant Prism   |       |       |       |     5 |    35 |     5 ||    45
       Blade Hands       |       |       |       |     1 |    21 |     1 ||    23
       Conjure Flame     |       |       |       |     1 |     6 |       ||     7
       Regeneration      |       |       |       |       |    14 |     5 ||    19
       Confusing Touch   |       |       |       |       |     2 |     1 ||     3
       Lee's Rapid Decon |       |       |       |       |     2 |     1 ||     3
       Passwall          |       |       |       |       |       |     1 ||     1
       Portal Projectile |       |       |       |       |       |     1 ||     1
Invok: Temporal Distorti |       |       |       |     2 |       |     2 ||     4
       Slouch            |       |       |       |     1 |     4 |     1 ||     6
 Abil: End Transformatio |       |       |     1 |     7 |     2 |       ||    10
       Evoke Blink       |       |       |       |       |     2 |       ||     2
Evoke: Wand              |       |       |     1 |    24 |     1 |       ||    26
       Fan of gales      |       |       |       |       |       |     1 ||     1
  Use: Scroll            |       |       |       |    16 |    16 |     4 ||    36
       Potion            |       |       |       |     1 |     9 |     3 ||    13
 Stab: Sleeping          |     3 |     7 |     6 |     1 |     1 |     1 ||    19
       Distracted        |       |       |     3 |     2 |     1 |       ||     6
       Confused          |       |       |       |     2 |     3 |       ||     5
  Eat: Chunk             |     2 |     8 |    15 |    18 |    65 |     2 ||   110
       Royal jelly       |       |       |       |     5 |       |       ||     5
Armor: Robe              |    19 |     6 |       |       |       |       ||    25
       Ring mail         |       |     2 |    18 |       |    13 |       ||    33
       Skin              |       |     1 |     2 |    23 |     3 |       ||    29
       Leather armour    |       |       |    15 |    16 |    68 |    12 ||   111
Dodge: Dodged            |    63 |    69 |   194 |   208 |   382 |    55 ||   971
Block: Other             |       |       |     7 |    20 |       |       ||    27
       Reflection        |       |       |       |     3 |       |       ||     3
       Shield            |       |       |       |    12 |   201 |    54 ||   267

Table legend:
 A = Spawn XP
 B = Non-spawn XP
 C = Spawn XP percentage of total XP
 D = Spawn monster count
 E = Non-spawn monster count
 F = Spawn count percentage of total count
 G = Total turns spent on level
                    A         B        C        D         E        F      G
               +---------+---------+-------+---------+---------+-------+---------
         Total |       0 |  141404 |   0.0 |       0 |     701 |   0.0 | 30246
               +---------+---------+-------+---------+---------+-------+---------
           D:1 |       0 |      63 |   0.0 |       0 |      28 |   0.0 |  1437
           D:2 |       0 |     168 |   0.0 |       0 |      18 |   0.0 |  1320
           D:3 |       0 |      73 |   0.0 |       0 |      19 |   0.0 |  1099
           D:4 |       0 |     821 |   0.0 |       0 |      23 |   0.0 |  1350
           D:5 |       0 |    1297 |   0.0 |       0 |      15 |   0.0 |  1471
           D:6 |       0 |     623 |   0.0 |       0 |      21 |   0.0 |  1366
           D:7 |       0 |    1067 |   0.0 |       0 |      26 |   0.0 |  1328
           D:8 |       0 |    5453 |   0.0 |       0 |      23 |   0.0 |  1306
           D:9 |       0 |    4626 |   0.0 |       0 |      33 |   0.0 |  1665
          D:10 |       0 |    8168 |   0.0 |       0 |      45 |   0.0 |  1490
          D:11 |       0 |    5954 |   0.0 |       0 |      39 |   0.0 |  1228
          D:12 |       0 |    7534 |   0.0 |       0 |      35 |   0.0 |  1258
          D:13 |       0 |    9069 |   0.0 |       0 |      27 |   0.0 |   926
          D:14 |       0 |   21698 |   0.0 |       0 |      53 |   0.0 |  1658
          D:15 |       0 |   14785 |   0.0 |       0 |      45 |   0.0 |  1249
        Lair:1 |       0 |    8045 |   0.0 |       0 |      42 |   0.0 |  1954
        Lair:2 |       0 |     944 |   0.0 |       0 |       5 |   0.0 |   868
        Lair:3 |       0 |    5418 |   0.0 |       0 |      27 |   0.0 |  1465
        Lair:4 |       0 |   12804 |   0.0 |       0 |      36 |   0.0 |  1351
        Lair:5 |       0 |    5671 |   0.0 |       0 |      22 |   0.0 |   924
        Lair:6 |       0 |    6756 |   0.0 |       0 |      25 |   0.0 |   469
       Snake:1 |       0 |    1373 |   0.0 |       0 |       4 |   0.0 |     8
         Orc:1 |       0 |    2913 |   0.0 |       0 |      24 |   0.0 |   613
         Orc:2 |       0 |   11178 |   0.0 |       0 |      50 |   0.0 |  1608
           Lab |       0 |    1124 |   0.0 |       0 |       1 |   0.0 |   661
       Volcano |       0 |    3779 |   0.0 |       0 |      15 |   0.0 |   174
               +---------+---------+-------+---------+---------+-------+---------

Vault maps used:
D:1:      matt_arrival_los_fun
D:2:      xom_redecorated, kennysheep_cross_room, uniq_jessica
D:3:      grunt_decor_cap
D:4:      kennysheep_goblin_castle, minitemple, zin_statuary, temple_statues,
          first_bread, serial_shops, shop, eino_tiny_chamber,
          hangedman_abyss_or_decor_passed, uniq_grinder,
          uniq_crazy_yiuf_cottage, uniq_eustachio, uniq_natasha
D:5:      basic_altar, serial_bayou_crossing, uniq_sigmund, uniq_pikel
D:6:      lemuel_doored_altar
D:7:      slow_altar_1, tgw_trog, uniq_joseph
D:8:      serial_shops, shop, uniq_gastronok, uniq_maurice
D:9:      elyvilon_altar_5, lemuel_crystal_altar, the_bakery, okawaru_trees_1,
          uniq_erica
D:10:     lair_entry_dummy, david_orc_3, basic_altar
D:12:     bloody_makhleb, uniq_nessos
D:13:     minmay_smoke_and_mirrors
D:14:     evilmike_iron_armoury, erik_vaults_1, billiards_dpeg
D:15:     grunt_enter_depths_snipers, fedhas_altar_2
Lair:1:   lab_entry_generic, grunt_forest_large_clearings, grunt_megastairs_5
Lair:3:   minmay_snake_entry_six_corridors, lemuel_fruit_fields,
          infiniplex_staircase_pool_2
Lair:4:   minmay_swamp_entry_swarm, enter_volcano_4
Lair:5:   beast_lair_carwin_large_1, minmay_slime_entry_oklob_enclosed,
          grunt_megastairs_1, minmay_lair_oklob_chamber
Lair:6:   due_jungle_book, wad_woods_antlair, grunt_megastairs_4,
          serial_bayou_shore_b, lemuel_fruit_tree
Snake:1:  serial_shops, shop, grunt_ministairs_12,
          nicolae_snake_salamander_stairs, uniq_asterion
Orc:1:    serial_shops, shop, mines2_david
Orc:2:    kennysheep_orc_mage_school
Lab:      labyrinth_mini_lab, lab_statue, labyrinth_glass_1, labyrinth_lava_lair
Volcano:  volcano_grotto
